groovejumper, neutral female human Wizard ---------------- ------ |......>.......| ##.....| |..............| # |....| |..............-######+..{.| ...g@..........|# |.<..| ----------------# ------ 0# groovejumper the Magician Experience level: 10 Strength: 9 Dexterity: 13 Constitution: 18 Intelligence: 18 Wisdom: 12 Charisma: 11 Health: 0(98) Energy: 71(103) AC: 5 Gold: 213 Moves: 8734 Your Inventory: Coins $ - 213 gold pieces Weapons a - a blessed +1 quarterstaff (weapon in hands) Armor K - a blessed +3 cloak of magic resistance (being worn) X - an [uncursed] +0 pair of speed boots (being worn) Tools b - an [uncursed] sack B - an uncursed blindfold D - an [uncursed] key [skeleton key] Gems i - an [uncursed] white gem [worthless glass] Contents of the sack: 6610 gold pieces 7 [uncursed] food rations an [uncursed] lizard corpse an [uncursed] pancake 2 [uncursed] scrolls called scare monster [of scare monster] an [uncursed] scroll labeled ANDOVA BEGARIN [of flood] an [uncursed] scroll of destroy armor an [uncursed] scroll of earth named earth 7 uncursed clear potions [of water] a [cursed] clear potion [of unholy water] an uncursed potion of see invisible a [blessed] potion of see invisible an [uncursed] steamy potion [of levitation] a blessed +4 ring of adornment a cursed ring of conflict an uncursed ring of free action an uncursed +2 ring of gain strength an [uncursed +3] ring of gain wisdom an uncursed ring of teleport control a cursed ring of teleportation an [uncursed] balsa wand [of undead turning (0:8)] an [uncursed] cedar wand [of striking (0:6)] an [uncursed] crystal wand [of make invisible (0:8)] an [uncursed] orichalcum wand [of digging (0:6)] an [uncursed] spiked wand [of probing (0:7)] an [uncursed] spiked wand [of probing (0:8)] an [uncursed] steel wand [of secret door detection (0:11)] an [uncursed] tin wand [of light (0:11)] an uncursed wand of cancellation (0:8) an [uncursed] wand of cancellation [0:7] an uncursed wand of magic missile (0:4) an [uncursed] wand of magic missile [0:2] a [blessed] wand of magic missile [0:8] an uncursed wand of slow monster (0:6) an [uncursed] wand of slow monster [0:8] an [uncursed] blindfold an [uncursed] key [skeleton key] an [uncursed oil] lamp Spells known in the end: Name Level Category Fail Memory a - force bolt 1 attack 0% [|||||...] b - light 1 divination 0% [|||||...] c - haste self 3 escape 70% [||||||..] d - slow monster 2 enchantment 0% [||||||..] e - wizard lock 2 matter 0% [||||||..] f - healing 1 healing 0% [|||||||.] Your skills at the end: Fighting Skills Weapon Skills quarterstaff [Skilled / Expert] Spellcasting Skills attack spells [Skilled / Expert] enchantment spells [Basic / Skilled] Final Attributes: You were piously aligned. Hunger level was 628. Your alignment was 53 / 53. Monster difficulty range was 1 - 9. Level difficulty was 9. You resisted cold. You were magic-protected. You were telepathic. You were very fast. You were unlucky (-2). You are dead. Vanquished creatures: a shopkeeper 2 giant mimics a small mimic a human mummy a crocodile a giant beetle a quivering blob 12 leprechauns a giant spider 2 black lights a vampire bat 2 orc mummies a brown pudding an owlbear a yeti 2 gold golems 2 lizards 2 dingos 2 jaguars a dwarf lord a dust vortex a raven a gnome mummy a snake a soldier ant 3 fire ants a snow ant a wood nymph a water nymph 9 Uruk-hai a rock piercer an enormous rat a pony a fog cloud a yellow light a shrieker 3 violet fungi 2 gnome lords 2 gnomish wizards 3 kobold mummies a red naga hatchling 4 gray oozes an elf zombie a ghoul 2 straw golems 4 floating eyes a kitten a dwarf a homunculus a kobold lord 12 hill orcs 6 rothes 3 rabid rats a centipede 3 giant bats a dwarf zombie a wererat 2 iguanas an acid blob 8 coyotes a gas spore 3 hobbits 23 manes a large kobold a hobgoblin 2 giant rats 2 cave spiders a brown mold a green mold a red mold 3 gnomes a gnome zombie 4 geckos 9 jackals 3 foxes 2 goblins 2 sewer rats 5 grid bugs 4 bats 4 lichens a kobold zombie 4 newts 207 creatures vanquished. Voluntary challenges: You were an atheist. You used a wielded weapon 252 times. You read items or engraved 21 times. You put on armor 4 times. You never genocided any monsters. You never polymorphed an object. You never changed form. You used no wishes. You wrote Elbereth's name 2 times. You never encountered a bones level. You used 3 Sokoban shortcuts. Dungeon overview: The Dungeons of Doom: levels 1 to 9 Level 1 a fountain a long staircase Level 2 a general store Level 3 a general store, some fountains Level 4 a fountain stairs to The Gnomish Mines Level 5 a fountain Level 6 a fountain Level 7 many fountains Level 8 a fountain stairs to Sokoban Level 9 <- You were here a fountain The Gnomish Mines: Level 5 stairs to The Dungeons of Doom Sokoban: levels 5 to 7 Level 7 a magic chest stairs to The Dungeons of Doom History has recorded: On T:1 you entered the Dungeons of Doom to retrieve the Amulet of Yendor! On T:534 you reached level 2 of The Dungeons of Doom. On T:572 you advanced to experience level 2. On T:768 you advanced to experience level 3. On T:1088 you reached level 3 of The Dungeons of Doom. On T:1222 you advanced to experience level 4. On T:1427 you advanced to experience level 5. On T:1462 you advanced to experience level 6. On T:1587 you reached level 4 of The Dungeons of Doom. On T:1836 you reached level 1 of The Gnomish Mines. On T:1899 you reached level 5 of The Dungeons of Doom. On T:2047 you advanced to experience level 7. On T:2114 you reached level 6 of The Dungeons of Doom. On T:2421 you reached level 7 of The Dungeons of Doom. On T:3398 you advanced to experience level 8. On T:4453 you received advice from The Oracle. On T:4695 you reached level 8 of The Dungeons of Doom. On T:4721 you reached level 3 of Sokoban. On T:5079 you advanced to experience level 9. On T:5106 you reached level 2 of Sokoban. On T:5373 you reached level 1 of Sokoban. On T:8460 you advanced to experience level 10. On T:8701 you reached level 9 of The Dungeons of Doom. Latest messages: You hit the gargoyle! You hit the gargoyle. The gargoyle drinks a potion of extra healing! The gargoyle looks much better. The spell misses the gargoyle. The spell hits the gargoyle! [HP+1=30] The spell misses the gargoyle. The gargoyle hits! (2x) The gargoyle bites! [HP-21=9] The spell misses the gargoyle. The gargoyle hits! (2x) You die... Final status: Goodbye groovejumper the Wizard... You died in The Dungeons of Doom on dungeon level 9 with 17302 points, and 6823 pieces of gold, after 8734 moves. You were level 10 with a maximum of 98 hit points when you died.